 Dungeon Sprint DCSS version 0.14-a0-519-g334afa2 (webtiles) character file.

8400000 MDvedh the Ninja (level 23, -13/149 HPs)
             Began as a Spriggan Assassin on Nov 2, 2013.
             Was the Champion of Makhleb.
             Killed from afar by a large bag of meat (40 damage)
             ... with an exploding inner flame
             ... in the Dungeon (Sprint VIII: "Arena of Blood").
             The game lasted 00:02:59 (84 turns).

MDvedh the Ninja (Spriggan Assassin)                  Turns: 84, Time: 00:03:00

HP -13/149       AC  6     Str  7      XL: 23   Next: 74%
MP  34/49        EV 46     Int 13      God: Makhleb [******]
Gold 0           SH  0     Dex 27      Spells:  0 memorised, 76 levels left

Res.Fire  : . . .   See Invis. : +   n - +∞ Axe of Woe
Res.Cold  : . . .   Warding    : .   c - +0 robe
Life Prot.: . . .   Conserve   : .   (shield restricted)
Res.Poison: .       Res.Corr.  : .   (helmet restricted)
Res.Elec. : .       Clarity    : .   d - +0 cloak
Sust.Abil.: . .     Spirit.Shd : .   (gloves unavailable)
Res.Mut.  : .       Prev.Telep.: +   (boots unavailable)
Res.Rott. : .       Flight     : .   (no amulet)
Saprovore : . . .                    (no ring)
                                     (no ring)

@: very quick, extraordinarily resistant to hostile enchantments, uncannily
stealthy
A: unfitting armour, see invisible, herbivore 3, speed 3, slow metabolism 2
a: Minor Destruction, Lesser Servant of Makhleb, Major Destruction, Greater
Servant of Makhleb, Renounce Religion


You were in the Dungeon.
You worshipped Makhleb.
Makhleb was exalted by your worship.
You were not hungry.

You visited 1 branch

Inventory:

Hand weapons
 a - a +2,+2 dagger
 b - a +0 blowgun
 n - the +∞,+∞ Axe of Woe (weapon)
   (You found it in the Dungeon)
Missiles
 e - 8 poisoned needles
 f - 2 curare-tipped needles
Armour
 c - a +0 robe (worn)
 d - a +0 cloak (worn)
Jewellery
 o - a +27000,+30 ring of slaying
Potions
 g - a potion of porridge
 h - a potion of curing
 i - a potion of heal wounds
 j - a potion of speed
 k - 2 potions of magic
 l - a potion of berserk rage


   Skills:
 O Level 27 Fighting
 O Level 27 Short Blades
 O Level 27 Axes
 O Level 27 Throwing
 O Level 27 Armour
 O Level 27 Dodging
 O Level 27 Stealth
 O Level 27 Unarmed Combat
 O Level 27 Spellcasting
 O Level 27 Invocations


You had 76 spell levels left.
You didn't know any spells.

Dungeon Overview and Level Annotations

Branches:
Dungeon (1/1)

Altars:
Makhleb

Annotations:
D The Servant


Innate Abilities, Weirdness & Mutations

You are tiny and cannot use many weapons and most armour.
You have supernaturally acute eyesight.
You are a herbivore.
You cover ground extremely quickly.
You need consume almost no food.


Message History

Makhleb accepts your kill.
You feel a little better.
You hear a shout!
The tyrant waves its bony arms in wide circles.
The air twists around and strikes you!
* * * LOW HITPOINT WARNING * * *
You hear a shout!
The large bag of meat is engulfed in roaring flames.
You hear a shout!
The large abomination is engulfed in roaring flames.
You hear a shout!
The tyrant mumbles some strange words.
You hear a shout!
A meat berserker comes into view. It is wielding a +9,+9 battleaxe.
You hew the large abomination savagely.
You destroy the large abomination!
You fatally mangle the large bag of meat.
The large bag of meat explodes!
The fiery explosion engulfs you!
You die...

###############
###..%%@§X=XooX..
#.......§§§XL.X....
.......##M##X#####
......X..zO2X.....
####...O.##.##....
O......)XCVoML....
#.......O@.#W#....
.#.....O..))z......
..o#......§§§§o......


You could see 2 accurseds, 3 tentacled monstrosities, a meat beast, 2 tyrants, a
sculptor of flesh, 4 large abominations, a dread, 2 meat berserkers and 3 bags
of meat.

Vanquished Creatures
  2 hell beasts (D)
  3 hill giants (D)
  14 ogres (D)
  38 orcs (D)
  A phantom (D)
  2 skeletal warriors (D)
  5 vampire knights (D)
  3 tentacled monstrosities (D)
  2 small abominations (D)
  9 large abominations (D)
  5 crawling corpses (D)
84 creatures vanquished.

Vanquished Creatures (others)
  7 crawling corpses (D)
7 creatures vanquished.

Grand Total: 91 creatures vanquished

Notes
Turn   | Place    | Note
--------------------------------------------------------------
     0 | D        | MDvedh, the Spriggan Assassin, began the quest for the Orb.
     0 | D        | Reached XP level 1. HP: 10/10 MP: 1/1
     3 | D        | Noticed a meat berserker
     4 | D        | Became a worshipper of Makhleb the Destroyer
     5 | D        | Killed a meat berserker
     5 | D        | Reached skill level 9 in Fighting
     5 | D        | Reached skill level 12 in Short Blades
     5 | D        | Reached skill level 27 in Stealth
     5 | D        | Reached XP level 2. HP: 14/16 MP: 3/3
     5 | D        | Reached XP level 3. HP: 17/20 MP: 5/5
     5 | D        | Reached XP level 4. HP: 21/25 MP: 7/7
     5 | D        | Reached XP level 5. HP: 25/30 MP: 9/9
     5 | D        | Reached XP level 6. HP: 29/35 MP: 11/11
     5 | D        | Reached XP level 7. HP: 32/39 MP: 13/13
     5 | D        | Reached XP level 8. HP: 36/44 MP: 15/15
     5 | D        | Reached XP level 9. HP: 39/48 MP: 17/17
     5 | D        | Reached XP level 10. HP: 43/53 MP: 18/18
     5 | D        | Reached XP level 11. HP: 47/58 MP: 20/20
    10 | D        | Noticed a bag of meat
    10 | D        | Noticed a bag of meat
    10 | D        | Noticed a bag of meat
    10 | D        | Noticed a bag of meat
    11 | D        | Noticed a bag of meat
    12 | D        | Noticed a bag of meat
    12 | D        | Noticed a bag of meat
    12 | D        | Noticed a bag of meat
    13 | D        | Noticed a bag of meat
    13 | D        | Noticed a bag of meat
    13 | D        | Noticed a bag of meat
    14 | D        | Noticed a meat berserker
    17 | D        | Noticed a bag of meat
    17 | D        | Noticed a meat berserker
    21 | D        | Noticed a bag of meat
    21 | D        | Killed a meat berserker
    21 | D        | Acquired Makhleb's first power
    21 | D        | Reached skill level 10 in Axes
    21 | D        | Reached XP level 12. HP: 53/64 MP: 21/21
    22 | D        | Killed a bag of meat
    22 | D        | Reached skill level 15 in Short Blades
    22 | D        | Reached skill level 15 in Throwing
    22 | D        | Reached XP level 13. HP: 42/70 MP: 22/22
    23 | D        | Noticed a bag of meat
    23 | D        | Noticed a bag of meat
    23 | D        | Killed a meat berserker
    23 | D        | Reached skill level 15 in Axes
    23 | D        | Reached skill level 10 in Dodging
    23 | D        | Killed a bag of meat
    23 | D        | Acquired Makhleb's second power
    23 | D        | Reached XP level 14. HP: 27/77 MP: 23/23
    25 | D        | Noticed a destroyer
    25 | D        | Noticed a destroyer
    27 | D        | Noticed a destroyer
    28 | D        | Killed a bag of meat
    28 | D        | Killed a bag of meat
    28 | D        | Reached skill level 15 in Fighting
    28 | D        | Reached XP level 15. HP: 71/84 MP: 24/24
    30 | D        | Killed a bag of meat
    30 | D        | Acquired Makhleb's third power
    30 | D        | Killed a bag of meat
    30 | D        | Killed a bag of meat
    30 | D        | Killed a destroyer
    30 | D        | Acquired Makhleb's fourth power
    30 | D        | Reached XP level 16. HP: 92/92 MP: 25/25
    30 | D        | Killed a destroyer
    30 | D        | Reached skill level 15 in Dodging
    31 | D        | Noticed The Servant
    31 | D        | Killed a bag of meat
    31 | D        | Killed a bag of meat
    31 | D        | Acquired Makhleb's fifth power
    32 | D        | Killed a destroyer
    32 | D        | Reached XP level 17. HP: 97/99 MP: 25/25
    32 | D        | Killed a bag of meat
    33 | D        | Killed a bag of meat
    35 | D        | Noticed a meat berserker
    36 | D        | Noticed a destroyer
    36 | D        | Noticed a large bag of meat
    37 | D        | Noticed a bag of meat
    37 | D        | Noticed a bag of meat
    38 | D        | Noticed a destroyer
    39 | D        | Noticed a destroyer
    40 | D        | Noticed a bag of meat
    40 | D        | Noticed a bag of meat
    40 | D        | Noticed a bag of meat
    40 | D        | Noticed a bag of meat
    40 | D        | Noticed a bag of meat
    40 | D        | Noticed a bag of meat
    41 | D        | Noticed a bag of meat
    41 | D        | Noticed a bag of meat
    41 | D        | Noticed a large bag of meat
    41 | D        | Noticed a bag of meat
    41 | D        | Noticed a bag of meat
    41 | D        | Noticed a bag of meat
    41 | D        | Noticed a bag of meat
    41 | D        | Noticed a bag of meat
    41 | D        | Noticed a destroyer
    42 | D        | Noticed a bag of meat
    42 | D        | Noticed a bag of meat
    42 | D        | Noticed a meat berserker
    43 | D        | Noticed a bag of meat
    43 | D        | Noticed a large bag of meat
    44 | D        | Noticed a bag of meat
    44 | D        | Noticed a meat berserker
    45 | D        | Noticed a sculptor of flesh
    45 | D        | Killed a bag of meat
    45 | D        | Reached skill level 27 in Axes
    45 | D        | Killed a bag of meat
    46 | D        | Noticed a bag of meat
    46 | D        | Noticed a meat berserker
    46 | D        | Killed a large bag of meat
    46 | D        | Reached XP level 18. HP: 105/109 MP: 26/26
    47 | D        | Noticed an accursed
    47 | D        | Killed a bag of meat
    47 | D        | Killed a destroyer
    47 | D        | Reached skill level 27 in Short Blades
    48 | D        | Noticed a meat berserker
    48 | D        | Killed a meat berserker
    48 | D        | Reached skill level 27 in Throwing
    48 | D        | Killed a bag of meat
    49 | D        | Noticed a bag of meat
    49 | D        | Noticed a meat berserker
    49 | D        | Killed a bag of meat
    49 | D        | Killed a meat berserker
    49 | D        | Reached XP level 19. HP: 121/123 MP: 27/27
    49 | D        | Killed a bag of meat
    49 | D        | Reached skill level 27 in Fighting
    49 | D        | Reached skill level 27 in Dodging
    50 | D        | Killed a destroyer
    50 | D        | Reached skill level 5 in Armour
    50 | D        | Reached skill level 5 in Unarmed Combat
    50 | D        | Killed a bag of meat
    50 | D        | Reached skill level 10 in Spellcasting
    51 | D        | Noticed a meat berserker
    51 | D        | Noticed a bag of meat
    51 | D        | Killed a bag of meat
    51 | D        | Killed a meat berserker
    51 | D        | Reached skill level 10 in Armour
    51 | D        | Killed a bag of meat
    51 | D        | Killed a bag of meat
    51 | D        | Reached skill level 15 in Invocations
    51 | D        | Reached XP level 20. HP: 130/130 MP: 27/43
    52 | D        | Noticed a bag of meat
    52 | D        | Noticed a bag of meat
    52 | D        | Noticed a bag of meat
    53 | D        | Killed a bag of meat
    53 | D        | Killed a bag of meat
    53 | D        | Killed a meat berserker
    53 | D        | Reached skill level 15 in Unarmed Combat
    53 | D        | Killed a bag of meat
    53 | D        | Reached skill level 15 in Armour
    54 | D        | Noticed a bag of meat
    54 | D        | Killed a bag of meat
    54 | D        | Killed a bag of meat
    54 | D        | Killed a large bag of meat
    54 | D        | Reached XP level 21. HP: 66/136 MP: 27/47
    54 | D        | Killed a meat berserker
    55 | D        | Noticed a large bag of meat
    55 | D        | Noticed a sculptor of flesh
    55 | D        | Noticed a bag of meat
    56 | D        | Noticed a bag of meat
    58 | D        | Noticed a meat berserker
    59 | D        | Killed a bag of meat
    60 | D        | Killed a bag of meat
    60 | D        | Killed a bag of meat
    60 | D        | Killed a bag of meat
    60 | D        | Reached skill level 27 in Spellcasting
    61 | D        | Noticed a bag of meat
    61 | D        | Noticed a bag of meat
    61 | D        | Killed a bag of meat
    61 | D        | Killed a meat berserker
    62 | D        | Noticed a meat berserker
    62 | D        | Noticed a meat berserker
    63 | D        | Noticed a meat berserker
    63 | D        | Noticed a bag of meat
    63 | D        | Noticed a bag of meat
    63 | D        | Noticed a bag of meat
    63 | D        | Noticed a large bag of meat
    63 | D        | Noticed a tyrant
    63 | D        | Noticed a bag of meat
    64 | D        | Noticed a meat berserker
    64 | D        | Noticed a meat beast
    64 | D        | Killed a meat berserker
    67 | D        | Noticed a bag of meat
    67 | D        | Noticed a meat beast
    67 | D        | Noticed a sculptor of flesh
    67 | D        | Killed a bag of meat
    67 | D        | Reached XP level 22. HP: 143/143 MP: 30/48
    68 | D        | Killed a bag of meat
    68 | D        | Reached skill level 27 in Invocations
    69 | D        | Killed a meat berserker
    70 | D        | Noticed an accursed
    70 | D        | Killed a bag of meat
    70 | D        | Killed a bag of meat
    71 | D        | Killed a meat berserker
    71 | D        | Killed a large bag of meat
    71 | D        | Reached skill level 27 in Unarmed Combat
    72 | D        | Killed a meat berserker
    72 | D        | Reached skill level 27 in Armour
    73 | D        | Killed a bag of meat
    74 | D        | Killed a meat beast
    74 | D        | Reached XP level 23. HP: 149/149 MP: 31/49
    75 | D        | Noticed a meat berserker
    75 | D        | Noticed a meat beast
    75 | D        | Killed a sculptor of flesh
    76 | D        | Killed a meat berserker
    77 | D        | Noticed a lost soul
    77 | D        | Noticed a dread
    77 | D        | Killed a sculptor of flesh
    77 | D        | Killed a lost soul
    78 | D        | Noticed a meat beast
    79 | D        | Noticed a tyrant
    79 | D        | Killed a bag of meat
    81 | D        | Killed a meat beast
    83 | D        | Killed a bag of meat
    84 | D        | Noticed a meat berserker
    84 | D        | Killed a large bag of meat
    84 | D        | Killed from afar by a large bag of meat

Action                   |  1- 3 |  4- 6 |  7- 9 | 10-12 | 13-15 | 16-18 | 19-21 | 22-24 || total
-------------------------+-------+-------+-------+-------+-------+-------+-------+-------++-------
Melee: Broad axe         |     1 |       |       |     2 |     3 |     8 |     9 |    16 ||    39
